 Dungeon Crawl Stone Soup version 0.20-b1 (webtiles) character file.

92 MTVSty1e the Grave Robber (level 4, -5/33 HPs)
             Began as a Demonspawn Necromancer on May 18, 2017.
             Killed by divine providence
             ... invoked by an orc priest
              (11 damage)
             ... on level 3 of the Dungeon.
             The game lasted 00:06:37 (2855 turns).

MTVSty1e the Grave Robber (Demonspawn Necromancer)  Turns: 2855, Time: 00:06:38

Health: -5/33      AC:  5    Str:  8    XL:     4   Next: 35%
Magic:  1/7        EV: 12    Int: 17    God:
Gold:   108        SH:  5    Dex: 14    Spells: 3/7 levels left

rFire    + . .     SeeInvis .   u - +4 dagger
rCold    x . .     Gourm    .   f - +1 buckler
rNeg     . . .     Faith    .   a - +0 robe
rPois    .         Spirit   .   (no helmet)
rElec    .         Reflect  .   (no cloak)
rCorr    .         Harm     .   (no gloves)
MR       .....                  d - +0 pair of boots
Stlth    ++........             (no amulet)
Regen    1.2/turn               l - ring of fire
MPRegen  0.1/turn               (no ring)

@: regenerating (expiring)
A: talons 1, slimy green scales 1, powered by death 1
a: no special abilities


You were on level 3 of the Dungeon.
You were not hungry.

You visited 1 branch of the dungeon, and saw 3 of its levels.

You collected 108 gold pieces.

Inventory:

Hand Weapons
 e - a +0 short sword
 u - a +4 dagger (weapon)
Armour
 a - a +0 robe (worn)
 d - a +0 pair of boots (worn)
 f - a +1 buckler (worn)
Jewellery
 l - a ring of fire (left hand)
Scrolls
 i - 2 scrolls of identify
 j - a scroll of magic mapping
 k - a scroll of enchant armour
 p - a scroll of teleportation
 q - a scroll of recharging
Potions
 g - 2 potions of cancellation
 h - a potion of lignification {unknown}
 m - a potion of invisibility {unknown}
 r - a potion of degeneration {unknown}
Books
 b - a book of Necromancy

   Spells                             Type                      Level
   a - Pain                           Necromancy                   1
   b - Animate Skeleton               Necromancy                   1
   c - Vampiric Draining              Necromancy                   3
   d - Regeneration                   Charms/Necromancy            3
   e - Animate Dead                   Necromancy                   4
   f - Control Undead                 Necromancy                   4
Comestibles
 c - a bread ration
 n - a royal jelly
 o - a meat ration


   Skills:
 * Level 1.7 Fighting
 + Level 1.3 Short Blades
 + Level 0.8 Armour
 + Level 1.9 Dodging
 + Level 2.2 Stealth
 + Level 0.8 Shields
 + Level 2.3 Spellcasting
 + Level 0.0 Charms
 + Level 4.6 Necromancy


You had 3 spell levels left.
You knew the following spells:

 Your Spells              Type           Power        Failure   Level  Hunger
a - Pain                  Necr           ###.         4%          1    #......
b - Regeneration          Chrm/Necr      #.........   32%         3    ###....


Dungeon Overview and Level Annotations

Branches:
Dungeon (3/15)

Altars:


Innate Abilities, Weirdness & Mutations

You have sharp toenails.
You are partially covered in slimy green scales. (AC +2)
You regenerate a little health from kills.


Message History

Press: ? - help, Shift-Dir - straight line, f - orc priest
Aim: an orc priest, wielding a whip (chance to defeat MR: 76%)
The orc priest writhes in agony!
The orc priest hits you but does no damage.
The orc closely misses you.
Casting: Pain
Confirm with . or Enter, or press ? or * to list all spells.
Aiming: Pain
Press: ? - help, Shift-Dir - straight line, f/p - orc priest
Aim: an orc priest, wielding a whip (heavily wounded, chance to defeat MR: 76%)
The orc priest barely resists.
Your skin is crawling a little less now.
The orc priest hits you with a whip.
* * * LOW HITPOINT WARNING * * *
The orc misses you.
You hit the orc priest.
The orc priest is severely wounded.
The orc priest invokes the aid of Beogh against you.
Beogh smites you!
You die...

##.###....###..# #
#..##......##..# #
#..............# #
#..#######.###.# #
##.# #.....# # #.#
#####.# #####.####
#.#
.#.#..o.....######
.#
.....ro@......(..#
.#
.#.#.###.##.####.#
#.### ...##.# #.#
#.... ######.# #.#
#####
#.####.#######
#)...)........
######........
#########


You could see an orc priest, an orc and a quokka.

Vanquished Creatures
  An adder (D:3)
  2 worms
  4 dart slugs
  2 orcs (D:3)
  8 bats
  2 giant cockroaches
  13 goblins
  8 hobgoblins
  A quokka (D:3)
  A frilled lizard (D:2)
  11 kobolds
  11 rats
64 creatures vanquished.

Notes
Turn   | Place    | Note
-------+----------+-------------------------------------------
     0 | D:1      | MTVSty1e the Demonspawn Necromancer began the quest for the Orb.
     0 | D:1      | Reached XP level 1. HP: 13/13 MP: 3/3
   464 | D:1      | Gained mutation: You are partially covered in slimy green scales. (AC +2) [demonic ancestry]
   464 | D:1      | Reached XP level 2. HP: 16/20 MP: 5/5
  1092 | D:1      | Gained mutation: You regenerate a little health from kills. [demonic ancestry]
  1092 | D:1      | Reached XP level 3. HP: 21/25 MP: 6/6
  1349 | D:1      | Learned a level 3 spell: Regeneration
  1564 | D:1      | Reached skill level 1 in Fighting
  2137 | D:2      | Reached skill level 1 in Short Blades
  2754 | D:3      | Gained mutation: You have sharp toenails. [demonic ancestry]
  2754 | D:3      | Reached XP level 4. HP: 32/32 MP: 7/7
  2855 | D:3      | Killed from afar by an orc priest

Skill      XL: |  1  2  3 |
---------------+----------+-----
Stealth        | 2 |  2.2
Fighting       | 1 |  1.7
Short Blades   | 1 |  1.3
Armour         | |  0.8
Dodging        | |  1.9
Shields        | |  0.8
Spellcasting   | |  2.3
Necromancy     | |  4.6

Action                   |  1- 3 |  4- 6 || total
-------------------------+-------+-------++-------
Melee: Short sword       |   118 |       ||   118
       Dagger            |    15 |    17 ||    32
 Cast: Pain              |    33 |     7 ||    40
       Regeneration      |       |     1 ||     1
  Use: Scroll            |    10 |       ||    10
 Stab: Sleeping          |     3 |     2 ||     5
  Eat: Bread ration      |     1 |       ||     1
       Meat ration       |     1 |       ||     1
Armor: Robe              |    36 |     2 ||    38
Dodge: Dodged            |    67 |     5 ||    72
Block: Buckler           |    18 |     2 ||    20
